 Dungeon Crawl Stone Soup version 0.30-a0-614-ge5ea1257c2 (webtiles) character file.

Game seed: 5253336588113529447

15813 Errthou the Grappler (level 12, -8/168 (178) HPs)
             Began as a Troll Berserker on Jan 9, 2023.
             Was an Elder of Trog.
             Mangled by a tengu reaver
             ... wielding a +1 great mace of holy wrath
              (22 damage)
             ... on level 12 of the Dungeon.
             The game lasted 00:47:47 (9765 turns).

Errthou the Grappler (Troll Berserker)              Turns: 9765, Time: 00:47:47

HP:   -8/168 (178)  AC:  9    Str: 32    XL:     12   Next: 4%
MP:   11/11         EV: 10    Int:  3    God:    Trog [****..]
Gold: 621           SH:  0    Dex:  9    Spells: 11/11 levels left

rFire   + . .      SeeInvis .      - Unarmed
rCold   . . .      Faith    .    (no shield)
rNeg    . . .      Spirit   .    H - +0 steam dragon scales
rPois   +          Reflect  .    (helmet restricted)
rElec   .          Harm     .    u - +1 cloak {rCorr}
rCorr   +          Rampage  .    (gloves unavailable)
Will    .....                    (boots unavailable) Stlth
                                 J - amulet of regeneration
HPRegen 2.08/turn                b - ring of protection from fire
MPRegen 0.12/turn                I - ring of poison resistance

@: berserking, drained, very quick
A: large, unfitting armour, claws 3, regeneration 1, shaggy fur 1, tough skin 1
a: Renounce Religion, Berserk, Trog's Hand, Brothers in Arms


You were on level 12 of the Dungeon.
You worshipped Trog.
Trog was greatly pleased with you.
You visited 1 branch of the dungeon, and saw 12 of its levels.
You also visited: Sewer.

You collected 803 gold pieces.
You spent 182 gold pieces at shops.

Inventory:

Missiles
 z - a curare-tipped dart (quivered)
 A - a javelin
Armour
 u - a +1 cloak of preservation (worn)
 H - +0 steam dragon scales (worn)
Jewellery
 b - a ring of protection from fire (left claw)
 v - a +6 ring of intelligence
 I - a ring of poison resistance (right claw)
 J - an amulet of regeneration (around neck)
 L - a ring of see invisible
 M - an amulet of faith
 O - a ring of protection from cold
 P - a ring of resist corrosion
Wands
 g - a wand of digging (12)
 t - a wand of polymorph (12)
 w - a wand of flame (8)
 y - a wand of paralysis (4)
 E - a wand of iceblast (13)
Scrolls
 a - a scroll of vulnerability {unknown}
 f - a scroll of poison {unknown}
 i - a scroll of magic mapping {unknown}
 l - 4 scrolls of fear
 o - 7 scrolls of teleportation
 q - 3 scrolls of enchant armour
 r - a scroll of acquirement {unknown}
 x - 3 scrolls of fog
 C - a scroll of amnesia {unknown}
 D - 2 scrolls of enchant weapon {unknown}
 G - 3 scrolls of noise
 K - 3 scrolls of identify
 N - a scroll of blinking
 Q - a scroll of immolation {unknown}
Potions
 c - 4 potions of degeneration
 d - 3 potions of flight
 e - 9 potions of ambrosia
 h - 3 potions of might
 j - 2 potions of brilliance
 k - a potion of cancellation
 m - 3 potions of curing
 n - 4 potions of haste
 p - 2 potions of mutation
 s - 2 potions of invisibility
 B - a potion of lignification
 F - a potion of magic
 R - a potion of attraction {unknown}


   Skills:
 * Level 8.1 Fighting
 - Level 6.0 Throwing
 - Level 2.4 Dodging
 - Level 14.8 Unarmed Combat
 * Level 5.1 Evocations


You had 11 spell levels left.
You didn't know any spells.
Your spell library was empty.

Dungeon Overview and Level Annotations

Branches:
Dungeon (12/15)            Temple (0/1) D:4            Lair (0/5) D:11
    Orc (0/2) D:12          Sewer (visited)

Altars:
Elyvilon
Kikubaaqudgha
Nemelex Xobeh
Sif Muna
Xom

Shops:
D:4 [   D:10 :

Annotations:
D:6 Maggie


Innate Abilities, Weirdness & Mutations

You are too large for most types of armour.
You have claws for hands.
Your natural rate of healing is unusually fast.
You are covered in fur. (AC +1)
You have tough skin. (AC +1)


Message History

The tengu reaver completely misses you.
The tengu reaver pecks you but does no damage.
The tengu reaver claws you but does no damage.
You see here 17 gold pieces.
You closely miss the tengu reaver. You eviscerate the tengu reaver!!!
The tengu reaver is moderately wounded.
The tengu reaver barely misses you.
The tengu reaver pecks you but does no damage.
The tengu reaver claws you.
You claw the tengu reaver! x2
The tengu reaver is severely wounded.
The tengu reaver points at you and mumbles some strange words.
The bolt of negative energy hits you!!!
You feel drained.
You claw the tengu reaver!
The tengu reaver is almost dead.
The tengu reaver points at you and mumbles some strange words.
The bolt of cold hits you!!!
* * * LOW HITPOINT WARNING * * *
Okay, then.
Okay, then.
A red film seems to cover your vision as you go berserk!
You feel yourself moving faster!
You feel mighty! The tengu reaver barely misses you.
The tengu reaver pecks you!
* * * LOW HITPOINT WARNING * * *
The tengu reaver claws you.
* * * LOW HITPOINT WARNING * * *
You miss the tengu reaver.
The tengu reaver is almost dead.
You closely miss the tengu reaver. Your claw misses the tengu reaver.
The tengu reaver is almost dead.
The tengu reaver hits you with a +1 great mace of holy wrath!!
* * * LOW HITPOINT WARNING * * *
The tengu reaver barely misses you. The tengu reaver completely misses you.
You closely miss the tengu reaver.
The tengu reaver is almost dead.
You barely miss the tengu reaver.
The tengu reaver is almost dead.
The tengu reaver hits you with a +1 great mace of holy wrath!!
You die...

♣♣♣♣♣♣♣♣♣♣♣♣ ♣♣#
♣..........♣ ♣.##
♣♣....♣♣♣...♣♣ ♣♣..##
.♣♣♣♣....@♣ ♣♣...♣♣♣♣.....
........♣♣Q.♣♣..........##
........♣ ..♣♣.........##
..♣♣♣...♣♣♣♣♣♣....♣♣♣..###
. ♣♣...♣♣♣♣.....♣♣♣♣....
♣..........♣♣..♣♣..^.
♣..........♣♣..♣♣^...
♣♣....♣♣♣...♣♣♣♣♣♣....
♣♣♣.....♣♣♣♣...♣♣♣♣.....


You could see a tengu reaver.

Vanquished Creatures
  A boulder beetle (D:8)
  A two-headed ogre (D:11)
  Pikel (D:6)
  A cyclops (D:12)
  Joseph (D:7)
  Psyche (D:9)
  A kobold demonologist (D:12)
  A queen bee (D:9)
  3 trolls
  Grinder (D:4)
  A shadow (D:11)
  2 wyverns (D:9)
  4 wraiths
  23 yaks
  4 steam dragons
  6 water moccasins
  An orc warrior (D:8)
  3 acid dragons
  A sky beast (D:8)
  5 black bears
  2 ogres
  7 centaurs
  2 phantoms
  Blork the orc (D:6)
  4 kobold brigands
  2 bullfrogs
  2 scorpions
  24 killer bees
  3 howler monkeys
  3 hounds
  Crazy Yiuf (D:4)
  6 orc priests
  4 iguanas
  9 orc wizards
  Natasha (D:4)
  3 river rats (Sewer)
  15 adders
  A shadow imp (D:5)
  An ufetubus (D:6)
  4 worms
  3 dart slugs
  33 orcs
  10 ball pythons
  10 endoplasms
  4 giant cockroaches
  10 goblins
  5 hobgoblins
  5 jackals (D:2)
  5 quokkas
  3 bats
  4 frilled lizards
  24 kobolds
  8 rats
281 creatures vanquished.

Vanquished Creatures (collateral kills)
  A two-headed ogre (D:11)
  A deep elf pyromancer (D:12)
  A cyclops (D:11)
  A manticore (D:11)
  2 kobolds (D:12)
6 creatures vanquished.

Vanquished Creatures (others)
  23 fungi (D:11)
  37 plants (D:11)
60 creatures vanquished.

Grand Total: 347 creatures vanquished

Notes
Turn   | Place    | Note
-------+----------+-------------------------------------------
     0 | D:1      | Errthou the Troll Berserker began the quest for the Orb.
     0 | D:1      | Reached XP level 1. HP: 22/22 MP: 0/0
     6 | D:1      | Noticed a five-headed hydra
     6 | D:1      | Noticed a hound
     7 | D:1      | Noticed an anaconda
   165 | D:1      | Reached skill level 1 in Throwing
   165 | D:1      | Reached XP level 2. HP: 29/29 MP: 1/1
   370 | D:1      | Found a faded altar of an unknown god.
   916 | D:2      | Reached XP level 3. HP: 36/36 MP: 2/2
   963 | D:2      | Reached ** piety under Trog
  1107 | D:2      | Reached skill level 4 in Unarmed Combat
  1198 | D:2      | Reached XP level 4. HP: 44/44 MP: 3/3
  1449 | D:3      | Noticed an ogre
  1462 | D:3      | Killed an ogre
  1463 | D:3      | Reached XP level 5. HP: 28/50 MP: 4/4
  1843 | D:3      | Found a shimmering blue altar of Sif Muna.
  1917 | D:4      | Reached skill level 5 in Unarmed Combat
  1966 | D:4      | Found a staircase to the Ecumenical Temple.
  1981 | D:4      | Reached XP level 6. HP: 47/59 MP: 5/5
  2108 | D:4      | Noticed Grinder
  2110 | D:4      | Found a glowing drain.
  2113 | D:4      | Killed Grinder
  2114 | D:4      | Reached skill level 6 in Unarmed Combat
  2129 | Sewer    | Entered a sewer
  2282 | Sewer    | Reached *** piety under Trog
  2283 | Sewer    | Reached XP level 7. HP: 58/66 MP: 6/6
  2374 | Sewer    | Reached skill level 7 in Unarmed Combat
  2998 | D:4      | Found a runed translucent door.
  2999 | D:4      | Noticed Crazy Yiuf
  3004 | D:4      | Killed Crazy Yiuf
  3005 | D:4      | Reached skill level 8 in Unarmed Combat
  3100 | D:4      | Found Imor's Antique Armour Shoppe.
  3115 | D:4      | Bought a slimy robe for 182 gold pieces
  3115 | D:4      | Identified the +1 robe "Xohu" {Harm rF++} (You bought it in
                  | a shop on level 4 of the Dungeon)
  3305 | D:4      | Noticed a yak
  3310 | D:4      | Killed a yak
  3311 | D:4      | Reached XP level 8. HP: 74/74 MP: 7/7
  3333 | D:4      | Noticed Natasha
  3361 | D:4      | Killed Natasha
  3472 | D:5      | Entered Level 5 of the Dungeon
  3834 | D:5      | Reached skill level 9 in Unarmed Combat
  3841 | D:5      | Reached skill level 5 in Throwing
  4251 | D:6      | Noticed Pikel
  4290 | D:6      | Killed Pikel
  4291 | D:6      | Reached skill level 10 in Unarmed Combat
  4291 | D:6      | Reached XP level 9. HP: 37/80 MP: 8/8
  4383 | D:6      | Identified the +2 leather armour "Umorch" {Int+2}
  4442 | D:6      | Noticed Blork the orc
  4446 | D:6      | Killed Blork the orc
  4447 | D:6      | Found a white marble altar of Elyvilon.
  4448 | D:6      | You fall into a shaft and drop 3 floors!
  4596 | D:8      | Reached skill level 11 in Unarmed Combat
  4789 | D:8      | Noticed a boulder beetle
  4800 | D:8      | Killed a boulder beetle
  4801 | D:8      | Reached skill level 12 in Unarmed Combat
  4885 | D:8      | Reached skill level 13 in Unarmed Combat
  4885 | D:8      | Reached XP level 10. HP: 88/88 MP: 9/9
  5025 | D:7      | Noticed Joseph
  5092 | D:7      | Killed Joseph
  5093 | D:7      | Reached skill level 14 in Unarmed Combat
  5307 | D:7      | Found a sparkling altar of Nemelex Xobeh.
  5858 | D:6      | Noticed Maggie
  6679 | D:8      | Found an ancient bone altar of Kikubaaqudgha.
  6866 | D:8      | Found a shimmering altar of Xom.
  7334 | D:9      | Reached XP level 11. HP: 101/101 MP: 10/10
  7337 | D:9      | Reached skill level 5 in Fighting
  7541 | D:9      | Noticed Psyche
  7550 | D:9      | Killed Psyche
  7551 | D:9      | Reached skill level 1 in Evocations
  7847 | D:10     | Entered Level 10 of the Dungeon
  7958 | D:10     | Found Ycsew's Self-Improvement Boutique.
  7978 | D:10     | Reached **** piety under Trog
  8294 | D:10     | Identified the +7 long sword "Eza Wos" {heavy, Str+5}
  8478 | D:11     | Found a sparkling altar of Nemelex Xobeh.
  8552 | D:11     | Noticed a two-headed ogre
  8556 | D:11     | Killed a two-headed ogre
  8816 | D:11     | Found a staircase to the Lair.
  8903 | D:11     | Noticed a two-headed ogre
  8913 | D:11     | Killed a two-headed ogre
  9360 | D:12     | Found a staircase to the Orcish Mines.
  9365 | D:12     | Noticed a soul eater
  9399 | D:12     | Noticed a deep elf pyromancer
  9402 | D:12     | Killed a deep elf pyromancer
  9403 | D:12     | Reached skill level 5 in Evocations
  9621 | D:12     | Reached XP level 12. HP: 79/119 MP: 11/11
  9755 | D:12     | Noticed a tengu reaver
  9765 | D:12     | Mangled by a tengu reaver

Illustrated notes

Levels and vault maps discovered:
D:1:      onia_arrival_zoo_common, layout_loops_ring,
          ebering_ecumenical_altar_abandoned, hangedman_decor_growths,
          chequers_serial_rivers_large_b
D:2:      minmay_chambers_of_twos, layout_rooms, serial_shops, shop,
          minivault_25, grunt_ministairs_3
D:3:      layout_rooms, led_sif_book, nrook_loot_triangle
D:4:      minmay_chambers_of_threes, layout_cave_pools,
          minmay_temple_entry_overgrown, cheibrodos_sewer_entry_bend,
          serial_shops, nicolae_lakefront_shop, kennysheep_generic_room_10,
          uniq_grinder, uniq_crazy_yiuf_cottage, uniq_natasha
D:5:      layout_loops_cross
D:6:      hellmonk_crumbling_castle, layout_gridville, elyvilon_altar_5,
          uniq_maggie, uniq_pikel, uniq_blork_the_orc
D:7:      layout_loops_ring, mainiacjoe_overflow_alcove_2, uniq_joseph
D:8:      layout_loops_ring, mainiacjoe_overflow_swirl
D:9:      layout_roguey [special_room_bee], corexii_hall_statues_i, uniq_psyche
D:10:     layout_basic, nicolae_shop_self_help
D:11:     layout_roguey, due_lair_maze_entry_diamond, nemelex_spade_bored_becter
D:12:     kennysheep_scales, layout_irregular_city, orc_0_dummy

Skill      XL: |  1  2  3  4  5  6  7  8  9 10 11 |
---------------+----------------------------------+-----
Throwing       | 1 2 3 4 6 |  6.0
Unarmed Combat | 4 5 6 8 10 13 14 | 14.8
Fighting       | 4 8 |  8.1
Evocations     | 5 |  5.1
Dodging        | |  2.4

Action                   |  1- 3 |  4- 6 |  7- 9 | 10-12 || total
-------------------------+-------+-------+-------+-------++-------
Melee: Unarmed           |    72 |    94 |   223 |   327 ||   716
       Punch             |     1 |       |    10 |    23 ||    34
Throw: Dart              |    35 |       |    16 |     5 ||    56
       Stone             |    15 |     2 |       |       ||    17
       Javelin           |       |    16 |     5 |     3 ||    24
Invok: Berserk           |     1 |     1 |     5 |     6 ||    13
       Trog's Hand       |       |     2 |     9 |     9 ||    20
       Brothers in Arms  |       |       |       |     2 ||     2
  Use: Scroll            |       |     3 |     7 |     8 ||    18
       Potion            |       |       |       |     2 ||     2
Armor: Animal skin       |    23 |    22 |    30 |       ||    75
       Robe              |       |       |    28 |    13 ||    41
       Steam dragon scal |       |       |       |   100 ||   100
Dodge: Dodged            |    36 |    24 |    86 |   163 ||   309

Table legend: (Time is in decaauts)
 A = Elapsed time spent in this place.
 B = Non-inter-level travel time spent in this place.
 C = Inter-level travel time spent in this place.
 D = Time resting spent in this place.
 E = Time spent auto-exploring this place.
 F = Levels seen in this place.
 G = Mean time per level.
                   A        B        C        D        E       F      G
               +--------+--------+--------+--------+--------+-----+--------+
         Total |   9757 |   9466 |    291 |    847 |   4480 |  13 |  750.5 |
       Dungeon |   9026 |   8735 |    291 |    821 |   4033 |  12 |  752.2 |
         Sewer |    730 |    730 |      0 |     26 |    447 |   1 |  730.0 |
               +--------+--------+--------+--------+--------+-----+--------+

Top non-repeatable levels by time:
     D:8: 1159 daAuts
     D:6: 868 daAuts
     D:9: 849 daAuts
     D:4: 849 daAuts
    D:11: 833 daAuts
     D:1: 830 daAuts
     D:7: 800 daAuts
   Sewer: 730 daAuts
     D:5: 700 daAuts
    D:10: 600 daAuts
     D:3: 574 daAuts
     D:2: 498 daAuts
    D:12: 462 daAuts
